 Dungeon Crawl Stone Soup version 0.29-a0-517-gbdf32494f2 (webtiles) character file.

Game seed: 10379631888253036468

224 Spectrina the Grave Robber (level 5, -4/28 HPs)
             Began as a Deep Elf Necromancer on May 30, 2022.
             Was a Believer of Ru.
             Slain by an ogre
             ... wielding a +0 giant spiked club
              (22 damage)
             ... on level 5 of the Dungeon.
             The game lasted 00:11:46 (1174 turns).

Spectrina the Grave Robber (Deep Elf Necromancer)   Turns: 1174, Time: 00:11:50

Health: -4/28      AC:  6    Str:  5    XL:     5   Next: 67%
Magic:  8/15       EV: 12    Int: 22    God:    Ru [**....]
Gold:   177        SH:  0    Dex: 15    Spells: 7/15 levels left

rFire   . . .      SeeInvis .   j - +0 fustibalus
rCold   . . .      Faith    .   (no shield)
rNeg    . . .      Spirit   .   a - +0 robe
rPois   .          Reflect  .   (no helmet)
rElec   .          Harm     .   (no cloak)
rCorr   .          Rampage  .   (no gloves)
Will    .....                   (no boots)
Stlth   ++........              (no amulet)
HPRegen 0.09/turn               k - +4 ring of protection
MPRegen 0.14/turn               (no ring)

@: freezing walls
A: inability to use devices
a: Renounce Religion


You were on level 5 of the Dungeon.
You worshipped Ru.
Ru was pleased with you.
You visited 1 branch of the dungeon, and saw 5 of its levels.

You collected 177 gold pieces.

Inventory:

Hand Weapons
 e - a +0 hunting sling
 j - a +0 fustibalus (weapon)
Missiles
 c - 146 stones
Armour
 a - a +0 robe (worn)
Jewellery
 k - a +4 ring of protection (left hand)
Scrolls
 d - a scroll of magic mapping {unknown}
 f - 2 scrolls of identify {unknown}
 i - 2 scrolls of enchant armour {unknown}
 l - 3 scrolls of teleportation {unknown}
 m - 2 scrolls of fear {unknown}
Potions
 b - a potion of magic
 g - a potion of heal wounds {unknown}
 h - 3 potions of curing {unknown}
 n - a potion of attraction {unknown}
 o - a potion of invisibility {unknown}


   Skills:
 - Level 2.4 Dodging
 - Level 2.4 Stealth
 + Level 5.6 Spellcasting
 + Level 7.1 Necromancy
 + Level 0.3 Ice Magic


You had 7 spell levels left.
You knew the following spells:

 Your Spells              Type           Power      Damage    Failure   Level
a - Freeze                Ice            28%        1d5       9%          1
b - Frozen Ramparts       Ice            14%        1d3       24%         3
q - Necrotize             Necr           100%       1d9       1%          1
r - Vampiric Draining     Necr           37%        2d8       1%          3

Your spell library contained the following spells:

 Spells                   Type           Power      Damage    Failure   Level
 Animate Dead             Necr           37%        N/A       4%          4
 Ensorcelled Hibernation  Hex/Ice        12%        N/A       13%         2
 Passwall                 Tmut/Erth      5%         N/A       14%         2
 Agony                    Necr           37%        N/A       14%         5
 Swiftness                Air            6%         N/A       28%         3
 Hailstorm                Conj/Ice       6%         3d4       65%         4


Dungeon Overview and Level Annotations

Branches:
Dungeon (5/15)
 Temple: D:4-7

Altars:
Elyvilon
Okawaru
Ru
Sif Muna


Innate Abilities, Weirdness & Mutations

You cannot study or use magical devices.


Message History

Aim: a quokka (chance to affect: 93%)
The quokka writhes in agony.
You kill the quokka!
The dead are hopping!
You swap places.
c - 131 stones (gained 17)
Found 10 gold pieces.
c - 146 stones (gained 15)
You now have 177 gold pieces (gained 10).
Your quokka skeleton crumbles into dust!
You cannot evoke magical items.
An ogre comes into view. It is wielding a +0 giant spiked club.
Unknown command.
Casting: Necrotize (safe; 1% risk of failure)
Confirm with . or Enter, or press ? or * to list all spells.
The spell is quite dangerous to miscast (24% risk of failure)!
Continue anyway?
Casting: Frozen Ramparts (quite dangerous; 24% risk of failure)
Press: ? - help, Dir - look around, f - activate The walls around you are covered in ice.
The wall freezes the ogre.
Unknown command.
Casting: Frozen Ramparts (quite dangerous; 24% risk of failure)
Confirm with . or Enter, or press ? or * to list all spells.
Aiming: Freeze (safe; 9% risk of failure)
Press: ? - help, Shift-Dir - straight line, f - ogre
Aim: an ogre, wielding a +0 giant spiked club (lightly wounded)
You freeze the ogre.
The ogre is lightly wounded.
The wall freezes the ogre.
The ogre hits you with a +0 giant spiked club!
Casting: Freeze (safe; 9% risk of failure)
Confirm with . or Enter, or press ? or * to list all spells.
Aiming: Vampiric Draining (safe; 1% risk of failure)
Press: ? - help, Shift-Dir - straight line, f/p - ogre
Aim: an ogre, wielding a +0 giant spiked club (moderately wounded)
You draw life force from the ogre!
You feel life coursing into your body.
The wall freezes the ogre.
The ogre hits you with a +0 giant spiked club!!
Ouch! That really hurt!
You die...

....# #.....#
#.....# #.....#
.. .....# ..
### .....### #.
#.######.......
#####.......O#
#.
#........###@#
..#.#.###.##.#
#.# .##.#.#
#.##.# #.#
.##.#.# #....#
#.# #.#.#
#.#### #.#
.##.#.# #.# #.#
.##.#.# #.# ###
.##.#.# ###
......#


You could see an ogre.

Vanquished Creatures
  A phantom (D:4)
  A gnoll shaman (D:4)
  4 gnolls (D:4)
  2 adders
  An ufetubus (D:4)
  2 orcs
  6 ball pythons
  4 bats
  6 endoplasms
  2 giant cockroaches
  2 goblins
  3 hobgoblins
  4 jackals (D:2)
  2 quokkas
  4 frilled lizards
  5 kobolds
  5 rats
54 creatures vanquished.

Vanquished Creatures (collateral kills)
  A goblin (D:1)
  2 kobolds
3 creatures vanquished.

Grand Total: 57 creatures vanquished

Notes
Turn   | Place    | Note
-------+----------+-------------------------------------------
     0 | D:1      | Spectrina the Deep Elf Necromancer began the quest for the
                  | Orb.
     0 | D:1      | Reached XP level 1. HP: 10/10 MP: 6/6
    48 | D:1      | Reached skill level 5 in Necromancy
   101 | D:1      | Reached XP level 2. HP: 15/15 MP: 4/8
   240 | D:3      | Found an iron altar of Okawaru.
   385 | D:3      | Reached XP level 3. HP: 19/19 MP: 5/10
   390 | D:3      | Learned a level 3 spell: Vampiric Draining
   520 | D:4      | Noticed a phantom
   532 | D:4      | Killed a phantom
   533 | D:4      | Reached skill level 6 in Necromancy
   533 | D:4      | Reached XP level 4. HP: 4/24 MP: 10/12
   539 | D:4      | Found a white marble altar of Elyvilon.
   585 | D:4      | Reached skill level 5 in Spellcasting
   587 | D:4      | Reached XP level 5. HP: 15/28 MP: 4/14
   751 | D:3      | Found a shimmering blue altar of Sif Muna.
   774 | D:2      | Reached skill level 7 in Necromancy
   844 | D:1      | Learned a level 1 spell: Freeze
   848 | D:1      | Learned a level 3 spell: Frozen Ramparts
   894 | D:1      | Found a faded altar of an unknown god.
   902 | D:1      | Prayed at the altar of an unknown god.
   902 | D:1      | Became a worshipper of Ru the Awakened
   904 | D:1      | Gained mutation: You cannot study or use magical devices.
                  | [Ru sacrifice]
   904 | D:1      | Reached * piety under Ru
   904 | D:1      | Reached ** piety under Ru
  1099 | D:5      | Entered Level 5 of the Dungeon
  1171 | D:5      | Noticed an ogre
  1174 | D:5      | Slain by an ogre

Illustrated notes

Levels and vault maps discovered:
D:1:      dpeg_arrival_simpleton_a, layout_rooms, ebering_ecumenical_altar_webs,
          grunt_decor_mini_mirrors
D:2:      layout_basic, kennysheep_jessica_study
D:3:      layout_loops_cross, amcnicky_altar_gilded, lemuel_tele_altar
D:4:      layout_cave_pods, elyvilon_altar_4, nicolae_shop_overcharged_wands
D:5:      layout_basic, nzn_wu_jian_council_hall, mainiacjoe_overflow_24_doors,
          mainiacjoe_overflow_cross_hatched,
          gammafunk_temple_overflow_forgotten, minmay_bent

Skill      XL: |  1  2  3  4  5 |
---------------+----------------+-----
Necromancy     | 5 6 7 |  7.1
Spellcasting   | 4 5 |  5.6
Dodging        | |  2.4
Stealth        | |  2.4
Ice Magic      | |  0.3

Action                   |  1- 3 |  4- 6 || total
-------------------------+-------+-------++-------
 Fire: Hunting sling     |     5 |       ||     5
       Fustibalus        |    19 |    30 ||    49
 Cast: Necrotize         |    29 |    30 ||    59
       Vampiric Draining |       |     4 ||     4
       Freeze            |       |     5 ||     5
       Frozen Ramparts   |       |     1 ||     1
Invok: Sacrifice Artific |       |     1 ||     1
Armor: Robe              |     2 |     4 ||     6
Dodge: Dodged            |    11 |    22 ||    33

Table legend: (Time is in decaauts)
 A = Elapsed time spent in this place.
 B = Non-inter-level travel time spent in this place.
 C = Inter-level travel time spent in this place.
 D = Time resting spent in this place.
 E = Time spent auto-exploring this place.
 F = Levels seen in this place.
 G = Mean time per level.
                   A        B        C        D        E       F      G
               +--------+--------+--------+--------+--------+-----+--------+
         Total |   1202 |   1147 |     55 |      0 |      0 |   5 |  240.4 |
       Dungeon |   1202 |   1147 |     55 |      0 |      0 |   5 |  240.4 |
               +--------+--------+--------+--------+--------+-----+--------+

Top non-repeatable levels by time:
     D:3: 454 daAuts
     D:1: 288 daAuts
     D:4: 216 daAuts
     D:2: 168 daAuts
     D:5: 75 daAuts
